BSA
BOSTON REBELS @ NEW YORK KNIGHTS
09/23/2024
 
TOP OF THE 1ST
Boston Rebels batting - Pitching for New York Knights : RHP António Sánchez
Pitching: RHP António Sánchez
Batting: LHB Bill Wilson 0-0: Foul Ball, location: 2F
0-1: Ball
1-1: Ball
2-1: Foul Ball, location: 2F
2-2: Foul Ball, location: 2F
2-2: SINGLE (Line Drive, 4D)
Batting: SHB Álex Rosado 0-0: Ball
1-0: Called Strike
1-1: Ball
2-1: SINGLE (Groundball, 5D)
Bill Wilson to second
Batting: RHB Ronnie Brown 0-0: Ball
1-0: Foul Ball, location: 2F
1-1: Ball
2-1: Foul Ball, location: 2F
2-2: Ball
3-2: Fly out, F2 (Popup, 2RF)
Batting: LHB Bill Wilson 0-0: Called Strike
0-1: Foul Ball, location: 2F
0-2: Foul Ball, location: 2F
0-2: Ball
1-2: Strikes out swinging
Batting: SHB Javier Villegas 0-0: Foul Ball, location: 2F
0-1: Ball
1-1: Ground out 3-1 (Groundball, 34)
Top of the 1st over - 0 run(s), 2 hit(s), 0 error(s), 2 left on base; Boston 0 - New York 0
BOTTOM OF THE 1ST
New York Knights batting - Pitching for Boston Rebels : LHP José Hidalgo
Pitching: LHP José Hidalgo
Batting: RHB Daryl Floyd 0-0: SOLO HOME RUN (Flyball, 78XD), Distance : 406 ft
Batting: RHB Yasuhiko Sumita 0-0: Foul Ball, location: 2F
0-1: Ball
1-1: Ground out 6-3 (Groundball, 6)
Batting: SHB Marvin Harris 0-0: Ball
1-0: Foul Ball, location: 2F
1-1: Foul Ball, location: 2F
1-2: SINGLE (Groundball, 34D)
Batting: RHB Lonnie Anderson 0-0: Called Strike
0-1: Foul Ball, location: 2F
0-2: Ball
1-2: Strikes out swinging
Batting: LHB Pedro Fernández 0-0: Called Strike
0-1: Called Strike
0-2: SINGLE (Line Drive, 56D)
Marvin Harris to second
Batting: RHB Edgardo Gonzáles 0-0: Ball
1-0: Called Strike
1-1: Swinging Strike
1-2: Foul Ball, location: 2F
1-2: Ball
2-2: Ball
3-2: Ground out 4-3 (Groundball, 4)
Bottom of the 1st over - 1 run(s), 3 hit(s), 0 error(s), 2 left on base; Boston 0 - New York 1
TOP OF THE 2ND
Boston Rebels batting - Pitching for New York Knights : RHP António Sánchez
Batting: LHB Stanley Mullins 0-0: Ball
1-0: Ball
2-0: SINGLE (Line Drive, 56)
Batting: RHB Wilson Gómez 0-0: Ball
1-0: Called Strike
1-1: Ball
2-1: Foul Ball, location: 2F
2-2: Foul Ball, location: 2F
2-2: Ball
3-2: Base on Balls
Stanley Mullins to second
Batting: LHB Jeff Gordon 0-0: Ball
1-0: SINGLE (Groundball, 15S) (infield hit)
Stanley Mullins to third
Wilson Gómez to second
Batting: RHB Rubén Matos 0-0: Ball
1-0: Foul Ball, location: 2F
1-1: SINGLE (Groundball, 56)
Stanley Mullins scores
Wilson Gómez to third
Jeff Gordon to second
Batting: LHB Bill Wilson 0-0: DOUBLE (Groundball, 5L)
Wilson Gómez scores
Jeff Gordon scores
Rubén Matos to third
Batting: SHB Álex Rosado 0-0: DOUBLE (Line Drive, 89XD)
Rubén Matos scores
Bill Wilson scores
Batting: RHB Ronnie Brown 0-0: Swinging Strike
0-1: Ball
1-1: Ball
2-1: Foul Ball, location: 2F
2-2: Ground out 4-3 (Groundball, 4)
Álex Rosado to third
Batting: LHB Bill Wilson 0-0: Ball
1-0: Foul Ball, location: 2F
1-1: Ball
2-1: Ball
3-1: Foul Ball, location: 2F
3-2: Strikes out looking
Batting: SHB Javier Villegas 0-0: Called Strike
0-1: Foul Ball, location: 2F
0-2: Ball
1-2: Ground out U3 (Groundball, 3)
Top of the 2nd over - 5 run(s), 5 hit(s), 0 error(s), 1 left on base; Boston 5 - New York 1
BOTTOM OF THE 2ND
New York Knights batting - Pitching for Boston Rebels : LHP José Hidalgo
Batting: LHB Vincente Sáenz 0-0: Ball
1-0: Called Strike
1-1: Ball
2-1: Called Strike
2-2: Foul Ball, location: 2F
2-2: Foul Ball, location: 2F
2-2: Ground out 6-3 (Groundball, 6)
Batting: LHB Warren Potter 0-0: Ball
1-0: Foul Ball, location: 2F
1-1: Swinging Strike
1-2: Foul Ball, location: 2F
1-2: Ball
2-2: Ball
3-2: SINGLE (Groundball, 34D)
Batting: RHB Tom Meyer 0-0: Ball
1-0: Ball
2-0: Fly out, F8 (Popup, 4MD)
Batting: RHB Daryl Floyd 0-0: Called Strike
0-1: Ball
1-1: Called Strike
1-2: Ball
2-2: Foul Ball, location: 2F
2-2: Strikes out swinging
Bottom of the 2nd over - 0 run(s), 1 hit(s), 0 error(s), 1 left on base; Boston 5 - New York 1
TOP OF THE 3RD
Boston Rebels batting - Pitching for New York Knights : RHP António Sánchez
Batting: LHB Stanley Mullins 0-0: Ball
1-0: Foul Ball, location: 2F
1-1: Swinging Strike
1-2: DOUBLE (Flyball, 7D)
Batting: RHB Wilson Gómez 0-0: Ball
1-0: Foul Ball, location: 2F
1-1: Ball
2-1: SINGLE (Line Drive, 7LS)
Stanley Mullins to third
Batting: LHB Jeff Gordon 0-0: Ball
1-0: Called Strike
1-1: Fly out, F8 (Flyball, 8LD)
Runner from 3rd tags up, SCORES, no throw
Batting: RHB Rubén Matos 0-0: Called Strike
0-1: Ball
Wild Pitch!
Wilson Gómez to second
1-1: Ball
2-1: Foul Ball, location: 2F
2-2: Ground out 5-3 (Groundball, 15S)
Wilson Gómez to third
Batting: LHB Bill Wilson 0-0: Ball
1-0: Ball
2-0: Fly out, F3 (Line Drive, 3)
Top of the 3rd over - 1 run(s), 2 hit(s), 0 error(s), 1 left on base; Boston 6 - New York 1
BOTTOM OF THE 3RD
New York Knights batting - Pitching for Boston Rebels : LHP José Hidalgo
Batting: RHB Yasuhiko Sumita 0-0: Ball
1-0: Foul Ball, location: 2F
1-1: Swinging Strike
1-2: Ball
2-2: Foul Ball, location: 2F
2-2: Foul Ball, location: 2F
2-2: Ball
3-2: Foul Ball, location: 2F
3-2: Foul Ball, location: 2F
3-2: Fly out, F8 (Flyball, 8RM)
Batting: SHB Marvin Harris 0-0: Called Strike
0-1: SOLO HOME RUN (Line Drive, 7LD), Distance : 354 ft
Batting: RHB Lonnie Anderson 0-0: Ball
1-0: Foul Ball, location: 2F
1-1: Ball
2-1: Foul Ball, location: 2F
2-2: Ball
3-2: Fly out, F4 (Line Drive, 4)
Batting: LHB Pedro Fernández 0-0: Ball
1-0: Ground out 5-3 (Groundball, 56S)
Bottom of the 3rd over - 1 run(s), 1 hit(s), 0 error(s), 0 left on base; Boston 6 - New York 2
TOP OF THE 4TH
Boston Rebels batting - Pitching for New York Knights : RHP António Sánchez
Batting: SHB Álex Rosado 0-0: Ball
1-0: Ground out 3-1 (Groundball, 34)
Batting: RHB Ronnie Brown 0-0: Fly out, F9 (Flyball, 9M)
Batting: LHB Bill Wilson 0-0: Ball
1-0: DOUBLE (Line Drive, 9D) - OUT at third base trying to stretch hit.
Top of the 4th over - 0 run(s), 1 hit(s), 0 error(s), 0 left on base; Boston 6 - New York 2
BOTTOM OF THE 4TH
New York Knights batting - Pitching for Boston Rebels : LHP José Hidalgo
Batting: RHB Edgardo Gonzáles 0-0: Swinging Strike
0-1: Ball
1-1: Foul Ball, location: 2F
1-2: Ball
2-2: SINGLE (Flyball, 8RS)
Batting: LHB Vincente Sáenz 0-0: Swinging Strike
0-1: Grounds into double play, 4-6-3 (Groundball, 4)
Batting: LHB Warren Potter 0-0: Called Strike
0-1: Foul Ball, location: 2F
0-2: Ground out U3 (Groundball, 3S)
Bottom of the 4th over - 0 run(s), 1 hit(s), 0 error(s), 0 left on base; Boston 6 - New York 2
TOP OF THE 5TH
Boston Rebels batting - Pitching for New York Knights : RHP António Sánchez
Batting: SHB Javier Villegas 0-0: Ball
1-0: Swinging Strike
1-1: Called Strike
1-2: Fly out, F7 (Popup, 6D)
Batting: LHB Stanley Mullins 0-0: Called Strike
0-1: Fly out, F7 (Line Drive, 78XD)
Batting: RHB Wilson Gómez 0-0: Ball
1-0: SINGLE (Line Drive, 89S)
Batting: LHB Jeff Gordon 0-0: Ball
1-0: Called Strike
1-1: Ball
2-1: Foul Ball, location: 2F
2-2: Strikes out swinging
Top of the 5th over - 0 run(s), 1 hit(s), 0 error(s), 1 left on base; Boston 6 - New York 2
BOTTOM OF THE 5TH
New York Knights batting - Pitching for Boston Rebels : LHP José Hidalgo
Batting: RHB Tom Meyer 0-0: Foul Ball, location: 2F
0-1: Ground out 5-3 (Groundball, 56)
Batting: RHB Daryl Floyd 0-0: Ground out 5-3 (Groundball, 5)
Batting: RHB Yasuhiko Sumita 0-0: Ground out 5-3 (Groundball, 5)
Bottom of the 5th over - 0 run(s), 0 hit(s), 0 error(s), 0 left on base; Boston 6 - New York 2
TOP OF THE 6TH
Boston Rebels batting - Pitching for New York Knights : RHP António Sánchez
Pitching: LHP Fernando Alvarado
Batting: RHB Rubén Matos 0-0: Called Strike
0-1: Foul Ball, location: 2F
0-2: Ball
1-2: Foul Ball, location: 2F
1-2: Foul Ball, location: 2F
1-2: Ground out 4-3 (Groundball, 34)
Batting: LHB Bill Wilson 0-0: Called Strike
0-1: SINGLE (Groundball, 6MD)
Batting: SHB Álex Rosado 0-0: Called Strike
0-1: Called Strike
0-2: Foul Ball, location: 2F
0-2: Ball
1-2: Foul Ball, location: 2F
1-2: SINGLE (Line Drive, 78S)
Bill Wilson to second
Batting: RHB Ronnie Brown 0-0: Ball
Bill Wilson steals 3rd base
Álex Rosado to second
1-0: Intentional Walk
Batting: LHB Bill Wilson 0-0: Called Strike
0-1: Ball
1-1: Foul Ball, location: 2F
1-2: Grounds into double play, 3-6-3 (Groundball, 3)
Top of the 6th over - 0 run(s), 2 hit(s), 0 error(s), 2 left on base; Boston 6 - New York 2
BOTTOM OF THE 6TH
New York Knights batting - Pitching for Boston Rebels : LHP José Hidalgo
Batting: SHB Marvin Harris 0-0: Ball
1-0: Swinging Strike
1-1: Called Strike
1-2: Strikes out swinging
Batting: RHB Lonnie Anderson 0-0: DOUBLE (Groundball, 3L)
Batting: LHB Pedro Fernández 0-0: Called Strike
0-1: Foul Ball, location: 2F
0-2: Foul Ball, location: 2F
0-2: Ball
1-2: Foul Ball, location: 2F
1-2: Foul Ball, location: 2F
1-2: Ball
2-2: Foul Ball, location: 2F
2-2: SINGLE (Groundball, 56D)
Lonnie Anderson to third
Batting: RHB Edgardo Gonzáles 0-0: Grounds into double play, 4-6-3 (Groundball, 4)
Bottom of the 6th over - 0 run(s), 2 hit(s), 0 error(s), 1 left on base; Boston 6 - New York 2
TOP OF THE 7TH
Boston Rebels batting - Pitching for New York Knights : LHP Fernando Alvarado
Batting: SHB Javier Villegas 0-0: Called Strike
0-1: Foul Ball, location: 2F
0-2: Strikes out looking
Batting: LHB Stanley Mullins 0-0: Called Strike
0-1: Ball
1-1: Fly out, F9 (Flyball, 89D)
Batting: RHB Wilson Gómez 0-0: SINGLE (Line Drive, 4MD)
Batting: LHB Jeff Gordon 0-0: Fly out, F7 (Popup, 6D)
Top of the 7th over - 0 run(s), 1 hit(s), 0 error(s), 1 left on base; Boston 6 - New York 2
BOTTOM OF THE 7TH
New York Knights batting - Pitching for Boston Rebels : LHP José Hidalgo
Batting: LHB Vincente Sáenz 0-0: Ball
1-0: Ball
2-0: Fly out, F8 (Flyball, 8LM)
Batting: LHB Warren Potter 0-0: Foul Ball, location: 2F
0-1: Ball
1-1: SINGLE (Flyball, 8LS)
Batting: RHB Tom Meyer 0-0: Called Strike
0-1: Grounds into double play, 6-4-3 (Groundball, 6)
Bottom of the 7th over - 0 run(s), 1 hit(s), 0 error(s), 0 left on base; Boston 6 - New York 2
TOP OF THE 8TH
Boston Rebels batting - Pitching for New York Knights : LHP Fernando Alvarado
Pitching: LHP Vic Watts
Batting: RHB Rubén Matos 0-0: Called Strike
0-1: Foul Ball, location: 2F
0-2: Strikes out swinging
Batting: LHB Bill Wilson 0-0: Fly out, F5 (Popup, 5F)
Batting: SHB Álex Rosado 0-0: Foul Ball, location: 2F
0-1: Ball
1-1: Ball
2-1: Foul Ball, location: 2F
2-2: Ball
3-2: Strikes out swinging
Top of the 8th over - 0 run(s), 0 hit(s), 0 error(s), 0 left on base; Boston 6 - New York 2
BOTTOM OF THE 8TH
New York Knights batting - Pitching for Boston Rebels : LHP José Hidalgo
Pitching: RHP Alberto Bonilla
Batting: RHB Daryl Floyd 0-0: Ball
1-0: Ball
2-0: Called Strike
2-1: Ball
3-1: Foul Ball, location: 2F
3-2: Ground out 5-3 (Groundball, 56)
Batting: RHB Yasuhiko Sumita 0-0: DOUBLE (Flyball, 89XD)
Batting: SHB Marvin Harris 0-0: Ball
1-0: Ball
2-0: Ball
3-0: Base on Balls
Pitching: RHP Jorge Delgado
Batting: RHB Lonnie Anderson 0-0: Swinging Strike
0-1: Foul Ball, location: 2F
0-2: Foul Ball, location: 2F
0-2: Strikes out swinging
Pitching: LHP Yoshihiro Hasegawa
Batting: LHB Pedro Fernández 0-0: Ball
1-0: Ball
2-0: Called Strike
2-1: Foul Ball, location: 2F
2-2: Strikes out looking
Bottom of the 8th over - 0 run(s), 1 hit(s), 0 error(s), 2 left on base; Boston 6 - New York 2
TOP OF THE 9TH
Boston Rebels batting - Pitching for New York Knights : LHP Vic Watts
Batting: RHB Ronnie Brown 0-0: Called Strike
0-1: SINGLE (Line Drive, 56)
Batting: LHB Bill Wilson Pickoff Throw to First - Out!
0-0: Fly out, F8 (Line Drive, 8RM)
Batting: SHB Javier Villegas 0-0: Called Strike
0-1: SOLO HOME RUN (Flyball, 78XD), Distance : 417 ft
Batting: LHB Stanley Mullins 0-0: Ball
1-0: Fly out, F7 (Flyball, 78M)
Top of the 9th over - 1 run(s), 2 hit(s), 0 error(s), 0 left on base; Boston 7 - New York 2
BOTTOM OF THE 9TH
New York Knights batting - Pitching for Boston Rebels : LHP Yoshihiro Hasegawa
Batting: RHB Edgardo Gonzáles 0-0: Ball
1-0: Ball
2-0: Ground out 5-3 (Groundball, 5S)
Batting: LHB Vincente Sáenz 0-0: Ball
1-0: Foul Ball, location: 2F
1-1: Ball
2-1: Called Strike
2-2: Strikes out swinging
Batting: LHB Warren Potter 0-0: Called Strike
0-1: Foul Ball, location: 2F
0-2: Strikes out swinging
Bottom of the 9th over - 0 run(s), 0 hit(s), 0 error(s), 0 left on base; Boston 7 - New York 2
This league is powered by Out of the Park Baseball, the baseball management simulation game for PC, Mac and Linux
Saturday, April 9th, 2016 - OOTP Baseball 16.8 Build 38